Map: Darkness Sanctuary LE

Players

Emeriki - Winner!

  • Race: Terran Terran
  • League: Platinum
  • Spawn Location: 1:00

TruBean

  • Race: Protoss Protoss
  • League: Gold
  • Spawn Location: 7:00

VOD

Have the link to the VOD?

Description

TvZ Darkness Sanctuary

Time

  • Played on: June 30, 2018, 9:38 a.m.
  • Length: 26:26
Show
View Real Time Build Order
Export as new Build Order

Emeriki Terran - Winner!

Build Orders: Reaper Expand, MMM Bio 

Get SALT Encoding   

  12  0:01  SCV  
  13  0:17  SCV  
  14  0:24  Supply Depot  
  14  0:31  SCV  
  15  0:50  Barracks  
  15  0:55  Refinery, SCV  
  16  1:11  SCV  
  17  1:24  SCV  
  18  1:40  Reaper  
  18  1:41  Orbital Command  
  18  1:44  Command Center  
  19  2:08  Supply Depot  
  19  2:12  SCV  
  20  2:16  Barracks  
  20  2:22  Barracks Tech Lab  
  20  2:24  SCV  
  20  2:26  Refinery  
  21  2:36  SCV  
  22  2:41  Marine  
  22  2:43  Stimpack  
  23  2:56  SCV  
  23  2:57  Orbital Command  
  24  3:02  Marine  
  25  3:07  Barracks Reactor  
  25  3:10  Factory  
  25  3:12  SCV  
  26  3:20  Marine  
  26  3:22  Bunker  
  26  3:39  Marine  
  25  3:44  Marine x2  
  25  3:45  SCV  
  25  3:46  SCV  
  29  3:56  Factory Reactor  
  29  3:58  Marine  
  29  3:59  Starport  
  29  4:13  Marine x2  
  31  4:22  SCV  
  31  4:38  Marine  
  31  4:39  Marine x2  
  31  4:45  SCV  
  35  4:49  SCV  
  35  4:51  Factory Reactor  
  36  4:56  Marine  
  36  4:57  Command Center  
  37  5:00  Marine x2  
  37  5:03  Combat Shield  
  37  5:05  Command Center  
  39  5:08  SCV x2, Medivac  
  39  5:13  Medivac  
  45  5:15  Marine  
  46  5:23  SCV, Marine  
  46  5:25  Marine  
  46  5:28  SCV  
  50  5:31  Supply Depot  
  50  5:35  SCV  
  51  5:36  Marine  
  51  5:40  SCV, Marine  
  51  5:42  Refinery  
  54  5:54  Widow Mine  
  54  5:55  Widow Mine  
  54  5:56  Supply Depot  
  60  5:57  SCV x2  
  60  6:11  Marine  
  60  6:12  Marine  
  60  6:13  Orbital Command, SCV  
  60  6:16  Engineering Bay  
  60  6:17  Engineering Bay  
  60  6:18  Widow Mine x2  
  67  6:29  Marine  
  67  6:30  SCV  
  67  6:31  SCV  
  70  6:39  Supply Depot  
  70  6:43  SCV  
  66  7:00  Barracks, Liberator x2  
  66  7:01  Orbital Command  
  66  7:02  Supply Depot, Barracks  
  66  7:03  Terran Infantry Weapons Level 1, Terran Infantry Armor Level 1, Barracks  
  66  7:15  Marine x2  
  66  7:16  Marauder  
  66  7:17  Widow Mine x2  
  70  7:38  Marine x2  
  70  7:39  Marauder  
  70  7:43  SCV  
  69  7:44  SCV  
  69  7:48  Supply Depot  
  69  7:50  Refinery  
  70  7:53  Widow Mine x2  
  70  7:54  Barracks Tech Lab x2  
  70  7:55  Barracks Tech Lab  
  70  7:57  Marine x2  
  70  7:58  SCV x2  
  77  8:03  Planetary Fortress  
  78  8:08  Missile Turret  
  78  8:10  Supply Depot  
  78  8:15  SCV x3  
  81  8:27  Armory  
  81  8:33  Marine x2  
  85  8:37  Marauder x2  
  85  8:38  Marauder x2  
  85  8:39  Widow Mine  
  85  8:40  SCV x3  
  96  8:45  SCV  
  97  8:51  Supply Depot  
  97  8:56  Supply Depot, Marine x2  
  99  9:02  Medivac  
  99  9:03  Medivac  
  103  9:13  Supply Depot  
  103  9:19  Barracks  
  103  9:20  Supply Depot, Barracks  
  103  9:21  Marine x2  
  103  9:22  Barracks  
  103  9:23  Marauder x2  
  103  9:24  Marauder x2  
  110  9:36  Missile Turret  
  111  9:38  Widow Mine x2, Medivac  
  111  9:39  Marine  
  111  9:41  SCV x2, Medivac  
  111  9:42  Supply Depot, SCV  
  119  9:50  SCV  
  119  9:52  Terran Infantry Weapons Level 2  
  120  9:53  SCV x2  
  120  9:57  Missile Turret  
  120  9:58  Supply Depot  
  116  10:03  SCV  
  114  10:08  Refinery x2, SCV x2  
  114  10:11  Barracks Reactor x2  
  114  10:12  Barracks Reactor  
  98  10:32  Marine x2  
  98  10:34  Marauder x2  
  98  10:46  Marauder x2  
  98  10:47  Widow Mine x2, Medivac x2  
  107  10:53  SCV x3  
  103  11:02  Marine x2  
  103  11:04  Marine x6  
  110  11:17  Marine x3  
  91  11:38  Marine x6  
  91  11:39  Marine x4  
  88  11:43  SCV  
  83  11:49  SCV  
  83  11:50  SCV x2  
  86  11:55  SCV  
  87  12:09  Marine x3  
  87  12:10  Marine x5  
  87  12:11  Supply Depot  
  87  12:12  Supply Depot  
  87  12:13  Medivac x2  
  87  12:14  SCV x3  
  87  12:15  Supply Depot  
  102  12:19  Terran Infantry Weapons Level 3  
  102  12:23  SCV  
  102  12:26  SCV x2  
  102  12:29  Missile Turret  
  105  12:36  Supply Depot  
  105  12:47  SCV x2  
  105  12:48  SCV x2  
  109  12:52  Missile Turret  
  109  12:53  Marine x4  
  109  12:54  Marine x3  
  109  12:55  Refinery  
  116  13:02  Marauder x3, SCV x2  
  116  13:04  Medivac  
  126  13:06  Medivac  
  128  13:25  Marine x6  
  134  13:27  Marine x2  
  134  13:30  Marauder x3  
  134  13:31  Marauder  
  134  13:32  Widow Mine  
  146  13:36  SCV x3  
  149  13:42  SCV  
  149  13:46  Terran Infantry Armor Level 2  
  150  13:48  SCV x2  
  150  13:51  Marauder  
  150  13:52  Marauder  
  150  13:53  Terran Vehicle And Ship Armor Level 1  
  155  14:14  Marine x4  
  155  14:15  Marine x5  
  155  14:16  Marauder x2  
  155  14:17  Marauder  
  161  14:37  Marine x6  
  161  14:38  Marine x3  
  170  14:39  Widow Mine, Medivac  
  170  14:40  Widow Mine, Medivac  
  178  14:47  Starport  
  174  15:12  Marine x6  
  180  15:19  Supply Depot  
  180  15:20  Supply Depot, Structure Armor  
  180  15:23  SCV x2, Marine x2  
  180  15:24  Marauder x2  
  180  15:40  Marauder x2  
  172  15:44  Liberator x2  
  171  15:57  Marine x2  
  171  15:58  Marine x5  
  171  15:59  Marine  
  171  16:00  Marauder x2, Widow Mine  
  171  16:01  Marauder, Widow Mine  
  171  16:02  Starport Reactor  
  195  16:08  Starport  
  186  16:32  Command Center  
  186  16:33  Marine x7  
  186  16:34  Marine  
  186  16:35  Marauder x3  
  186  16:36  Marauder  
  186  16:37  Missile Turret  
  186  16:38  Missile Turret  
  190  16:40  Fusion Core  
  190  16:41  Terran Vehicle And Ship Armor Level 2  
  186  16:58  Missile Turret  
  179  17:09  Sensor Tower  
  165  17:35  Liberator x4  
  158  17:40  Marine x3  
  158  17:41  Marine x6  
  159  17:51  Starport Tech Lab  
  171  18:12  Liberator  
  166  18:25  Marauder  
  166  18:26  Marauder x3  
  145  18:27  Marine x7  
  145  18:30  Advanced Ballistics  
  129  18:36  Armory  
  129  18:40  Missile Turret  
  125  18:41  Medivac x3  
  125  18:42  Missile Turret x2, Medivac  
  125  18:47  Marine x4  
  125  18:48  Marine x5  
  140  18:49  Refinery  
  140  18:54  Refinery  
  142  18:56  Marauder x2  
  142  19:00  Liberator  
  146  19:07  Marine x6  
  146  19:08  Marine  
  157  19:10  Widow Mine x2, SCV x2  
  157  19:11  Medivac  
  157  19:16  Medivac x2  
  165  19:17  Medivac  
  165  19:19  Marauder x3  
  165  19:20  Marauder  
  175  19:32  Liberator  
  175  19:33  Liberator x3  
  172  19:43  Liberator  
  170  19:52  Marauder x4, Marine x4  
  189  19:53  Marine x3  
  184  20:13  Marauder  
  152  20:17  Marine x4  
  115  20:29  Marine  
  115  20:30  Marine x4  
  98  21:05  Marine x2  
  98  21:06  Marine x5  
  98  21:07  Marine  
  98  21:09  Marauder x4  
  113  21:12  Ghost Academy  
  113  21:14  Ghost Academy  
  110  21:22  Planetary Fortress  
  100  21:31  Refinery, Marine x4  
  104  21:36  Refinery  
  90  21:42  Weapon Refit  
  90  21:43  Personal Cloaking, Nuke  
  90  21:45  Terran Infantry Armor Level 3  
  90  21:46  Terran Vehicle And Ship Armor Level 3  
  90  21:47  Terran Ship Weapons Level 1  
  79  22:30  Command Center  
  79  22:32  Missile Turret, Marine x3  
  79  22:33  Missile Turret, Marine x2  
  79  22:34  Missile Turret  
  79  22:35  Command Center  
  84  22:40  Missile Turret  
  84  22:43  Marine x3  
  87  22:45  Marauder x2  
  91  23:15  Marine x5  
  91  23:16  Marine x3  
  91  23:17  Marauder x3  
  89  23:59  Marine x3  
  90  24:12  Refinery  
  90  24:15  Supply Depot  
  90  24:16  Supply Depot  
  89  24:17  Supply Depot  
  89  24:18  Supply Depot  
  86  24:33  Orbital Command  
  86  24:34  Orbital Command  
  86  24:37  Supply Depot  
  86  24:41  Supply Depot  
  86  24:48  Engineering Bay  
  86  24:50  Engineering Bay  
  86  24:51  Armory  
  86  24:52  Fusion Core  
  86  24:53  Armory  
  86  24:56  Ghost Academy  
  86  24:57  SCV  
  85  25:09  SCV  
  86  25:21  SCV  
  86  25:49  Starport Reactor  
  86  25:50  Starport Reactor, Barracks Tech Lab x2, Starport Tech Lab  
  86  25:51  Factory Tech Lab  
  86  25:54  Refinery  
  86  26:04  Refinery, Barracks Tech Lab  
  86  26:08  Barracks Tech Lab  
Show
View Real Time Build Order
Export as new Build Order

TruBean Protoss 

Build Orders:  

Get SALT Encoding   

  12  0:01  Probe  
  13  0:13  Probe  
  13  0:15  Pylon  
  14  0:21  Probe  
  15  0:33  Gateway  
  15  0:37  Probe  
  16  0:43  Assimilator  
  16  0:49  Probe  
  17  1:04  Probe  
  18  1:16  Probe  
  19  1:21  Cybernetics Core  
  19  1:34  Gateway  
  19  1:52  Nexus  
  19  2:04  Warp Gate  
  19  2:08  Pylon  
  19  2:13  Adept  
  19  2:14  Adept  
  23  2:44  Stalker  
  23  2:47  Stalker  
  23  2:50  Probe  
  28  2:53  Assimilator  
  27  3:02  Probe x2  
  28  3:10  Probe  
  29  3:14  Probe  
  31  3:20  Probe  
  32  3:32  Probe  
  33  3:48  Stalker x2  
  33  3:54  Probe  
  38  3:56  Probe  
  39  4:06  Probe, Gateway  
  39  4:08  Probe, Gateway  
  41  4:18  Probe  
  41  4:20  Probe  
  41  4:30  Probe  
  42  4:32  Probe  
  41  4:38  Probe  
  41  4:40  Probe  
  41  4:43  Robotics Facility  
  43  4:46  Probe  
  43  4:48  Probe  
  43  4:49  Assimilator, Pylon  
  43  4:52  Pylon  
  45  4:54  Assimilator  
  45  4:56  Probe  
  46  5:00  Forge  
  46  5:07  Probe  
  46  5:10  Stalker x3  
  46  5:12  Stalker  
  55  5:19  Probe  
  56  5:26  Protoss Ground Weapons Level 1  
  56  5:31  Probe  
  56  5:34  Stalker x2  
  61  5:41  Pylon  
  61  5:44  Pylon  
  61  5:51  Immortal  
  61  6:03  Pylon  
  65  6:05  Stalker x3  
  65  6:06  Stalker  
  73  6:26  Probe  
  73  6:29  Immortal  
  73  6:30  Pylon  
  73  6:32  Pylon  
  78  6:35  Zealot  
  78  6:36  Zealot x2  
  78  6:38  Probe  
  79  6:52  Protoss Ground Armor Level 1  
  79  6:59  Stalker x2  
  79  7:00  Stalker x2  
  87  7:05  Immortal  
  91  7:22  Twilight Council  
  91  7:26  Forge  
  85  7:45  Zealot  
  85  7:46  Zealot x3  
  85  7:47  Charge  
  93  7:56  Warp Prism  
  95  7:58  Protoss Ground Weapons Level 2  
  95  8:06  Stalker  
  95  8:07  Stalker  
  95  8:08  Stalker  
  95  8:12  Pylon  
  101  8:15  Pylon  
  101  8:34  Stalker x4  
  109  9:00  Sentry x2  
  109  9:01  Stalker  
  109  9:02  Stalker  
  117  9:04  Nexus  
  117  9:17  Observer  
  118  9:24  Protoss Ground Armor Level 2  
  118  10:20  Zealot x4  
  122  10:38  Pylon  
  122  10:40  Pylon  
  122  10:41  Zealot  
  122  10:42  Zealot x3  
  124  10:43  Pylon  
  122  11:00  Gateway  
  122  11:01  Gateway  
  122  11:02  Zealot x2  
  122  11:03  Zealot  
  128  11:05  Zealot  
  110  11:25  Zealot  
  110  11:26  Zealot x2  
  110  11:27  Zealot  
  100  11:42  Protoss Ground Weapons Level 3  
  98  11:48  Probe  
  98  11:51  Probe  
  98  11:53  Blink, Protoss Ground Armor Level 3  
  100  11:56  Probe  
  100  11:57  Zealot x2  
  100  11:58  Zealot x2  
  100  11:59  Probe  
  109  12:06  Probe  
  110  12:08  Probe  
  110  12:12  Gateway  
  110  12:13  Gateway  
  110  12:14  Probe  
  112  12:16  Gateway  
  112  12:19  Gateway  
  112  12:20  Probe  
  112  12:22  Probe, Pylon  
  114  12:25  Pylon  
  114  12:26  Sentry x3  
  121  12:32  Probe x2  
  121  12:33  Assimilator  
  121  12:36  Warp Prism  
  123  12:38  Assimilator  
  123  12:40  Templar Archives  
  123  12:42  Sentry x3  
  131  13:17  Photon Cannon  
  131  13:19  Photon Cannon  
  131  13:20  Shield Battery  
  131  13:25  High Templar x3  
  131  13:26  High Templar x4  
  131  13:27  High Templar x3  
  147  13:30  Archon x4  
  147  13:31  Archon  
  151  13:37  Probe  
  152  13:45  Probe  
  152  13:52  Pylon  
  153  13:55  Probe  
  153  13:56  Pylon  
  154  14:07  Probe  
  152  14:15  Stalker  
  152  14:16  Stalker x4  
  162  14:17  Stalker x3  
  162  14:18  Photon Cannon  
  162  14:19  Probe, Photon Cannon  
  162  14:24  Zealot  
  162  14:25  Zealot  
  158  14:39  Probe  
  158  14:40  Stalker x3  
  158  14:41  Stalker  
  167  14:47  Probe  
  167  14:59  Pylon  
  165  15:01  Pylon  
  166  15:22  High Templar  
  166  15:23  High Templar x4  
  175  15:31  Archon x2  
  175  15:33  Stalker x3  
  175  15:34  Stalker x2  
  181  15:54  Photon Cannon  
  181  15:57  Photon Cannon  
  181  16:06  Zealot x3  
  181  16:07  Zealot x2  
  181  16:08  Zealot  
  193  16:13  Zealot  
  145  17:31  Zealot  
  145  17:32  Zealot x5  
  145  17:33  Zealot  
  135  18:15  Zealot x4  
  135  18:16  Zealot x2  
  126  18:31  Warp Prism  
  122  18:49  Stalker x2  
  122  18:50  Stalker x2  
  122  18:51  Stalker x3  
  136  19:13  Stalker  
  136  19:14  Stalker x2  
  95  20:14  High Templar  
  95  20:15  High Templar x4  
  101  20:23  Archon x2  
  58  21:24  Warp Prism  
  22  22:37  High Templar x4  
  22  22:38  High Templar x3  
  22  22:45  High Templar x2  
  22  22:46  High Templar x5  
  22  22:50  Archon x3  
  36  23:24  Stalker  
  36  23:25  Stalker  
  36  23:26  Stalker  
  34  23:41  High Templar  
  30  24:43  Stalker  
Tags
 
Add a new tag
Caveats
  • Supply blocks, unpowered buildings, or Contaminate may cause inaccurate times.
  • Supply counts are checked every 10 seconds.